 Dungeon Crawl Stone Soup version 0.23.1-37-gaa34b87b72 (webtiles) character file.

Game seed: 9908519922628518363

1171 Acheron the Chopper (level 8, 0/70 HPs)
             Began as a Minotaur Chaos Knight on Mar 27, 2019.
             Was a Plaything of Xom.
             Killed by the air
             ... invoked by a wind drake
              (14 damage)
             ... on level 7 of the Dungeon.
             The game lasted 00:19:52 (4327 turns).

Acheron the Chopper (Minotaur Chaos Knight)         Turns: 4327, Time: 00:19:52

Health: 0/70       AC:  6    Str: 17    XL:     8   Next: 18%
Magic:  7/7        EV: 14    Int:  9    God:    Xom [...*..]
Gold:   252        SH:  0    Dex: 12    Spells: 7/7 levels left

rFire    + . .     SeeInvis .   a - +0 hand axe (chaos)
rCold    . . .     Gourm    .   (no shield)
rNeg     + . .     Faith    .   b - +2 leather armour
rPois    +         Spirit   .   (helmet restricted)
rElec    +         Reflect  .   s - scarf {repulsion}
rCorr    .         Harm     .   B - +0 pair of gloves "Zuuvvir" {rElec rPois rN+}
MR       .....     Rnd*Tele +   (no boots)
Stlth    +.........             (no amulet)
HPRegen  0.21/turn              v - ring of Finality {rElec rF+ Stlth-}
MPRegen  0.10/turn              r - ring of teleportation

@: repel missiles
A: retaliatory headbutt, horns 2
a: Renounce Religion


You were on level 7 of the Dungeon.
You worshipped Xom.
You were a favourite toy of Xom.
You were hungry.

You visited 1 branch of the dungeon, and saw 7 of its levels.

You collected 252 gold pieces.

Inventory:

Hand Weapons
 a - a +0 hand axe of chaos (weapon)
 p - a +1 short sword of venom
 A - a +0 dagger of speed
Missiles
 d - 51 sling bullets
 f - 123 stones
 i - 3 needles of confusion
 l - 2 throwing nets
 u - 5 tomahawks of returning (quivered)
Armour
 b - a +2 leather armour (worn)
 n - a +0 pair of gloves
 s - a scarf of repulsion (worn)
 B - the +0 pair of gloves "Zuuvvir" (worn) {rElec rPois rN+}
   (You found it on level 7 of the Dungeon)

   It insulates you from electricity.
   It protects you from poison.
   It protects you from negative energy.
Jewellery
 e - a cursed ring of magical power
 r - a ring of teleportation (right hand)
 v - the ring of Finality (left hand) {rElec rF+ Stlth-}
   (You found it on level 4 of the Dungeon)

   [ring of attention]

   It protects you from fire.
   It insulates you from electricity.
   It makes you less stealthy.
 z - an uncursed ring of protection from cold {unknown}
Wands
 h - a wand of iceblast (9)
 E - a wand of paralysis (11)
Scrolls
 m - 4 scrolls of teleportation
 q - a scroll of magic mapping
 w - 2 scrolls of identify
 y - 3 scrolls of enchant armour {unknown}
 D - a scroll of amnesia
Potions
 g - 2 potions of heal wounds
 j - a potion of might
 k - 2 potions of curing
 o - a potion of agility
 t - a potion of invisibility
 x - a potion of lignification {unknown}
 F - a potion of flight {unknown}
Comestibles
 c - 5 rations


   Skills:
 + Level 5.7 Fighting
 + Level 7.6 Axes
 + Level 4.4 Armour
 * Level 5.0 Dodging
 * Level 3.7 Stealth


You had 7 spell levels left.
You didn't know any spells.
Your spell library was empty.

Dungeon Overview and Level Annotations

Branches:
Dungeon (7/15)
 Temple: D:4-7

Altars:
Zin


Innate Abilities, Weirdness & Mutations

You reflexively headbutt those who attack you in melee.
You have a pair of horns on your head.


Message History

The wind drake is heavily wounded.
The wind drake bites you.
You hit the wind drake but do no damage.
Lightning courses through the wind drake!
Your headbutt misses the wind drake.
The wind drake is heavily wounded.
The wind drake bites you.
* * * LOW HITPOINT WARNING * * *
You slash the wind drake!
The wind drake is poisoned.
You hear strange voices.
The wind drake is severely wounded.
The wind drake exhales a fierce blast of wind!
You are blown backwards!
The wind drake bites you!
* * * LOW HITPOINT WARNING * * *
You hit the wind drake but do no damage.
The wind drake is severely wounded.
The wind drake flaps its wings at you. The air twists around and strikes you!
You die...

#........####....# #....
##..............# #....
#.......####.### ###...#
...##..<.....# .....#
.... #...####.# # #...#
....###.#### .# #
#.##...#
#..........##.#.###
#.#...<#
###.###...........#
#......#
#...#@.⌠..#..##.#.#.Y#
#..##k....##..........
...##..#.#..##...#.....
#..##..##.##..##....#...
#.....# ..##...........
##..⌠. ....⌠..?.....#
#.... .##....####.##
#.## #..##. #.# #. .. .
...


You could see a wind drake.

Vanquished Creatures
  A black bear (D:7)
  A phantom (D:5)
  A tengu (D:7)
  2 centaurs
  A bullfrog (D:6)
  A howler monkey (D:4)
  2 crimson imps
  3 centaur skeletons (D:6)
  3 iguanas (D:6)
  3 worker ants
  A hound skeleton (D:6)
  A worker ant zombie (D:5)
  A howler monkey zombie (D:6)
  Robin (D:2)
  6 adders
  7 gnolls
  A white imp (D:6)
  2 oozes
  2 adder skeletons (D:4)
  2 worms
  5 dart slugs
  A leopard gecko (D:2)
  7 orcs
  3 giant cockroaches (D:1)
  15 goblins
  8 hobgoblins
  7 jackals
  2 quokkas
  4 bats
  3 frilled lizards
  12 kobolds
  A leopard gecko zombie (D:6)
  3 rats
113 creatures vanquished.

Vanquished Creatures (collateral kills)
  2 orcs (D:5)
2 creatures vanquished.

Vanquished Creatures (others)
  A big kobold (D:6)
  A gnoll (D:3)
2 creatures vanquished.

Grand Total: 117 creatures vanquished

Notes
Turn   | Place    | Note
-------+----------+-------------------------------------------
     0 | D:1      | Acheron the Minotaur Chaos Knight began the quest for the
                  | Orb.
     0 | D:1      | Reached XP level 1. HP: 19/19 MP: 0/0
    80 | D:1      | Reached skill level 4 in Axes
    80 | D:1      | Reached XP level 2. HP: 15/27 MP: 1/1
   321 | D:1      | XOM: divination: detect creatures
   462 | D:2      | Reached XP level 3. HP: 29/33 MP: 2/2
   786 | D:2      | Noticed Robin
   789 | D:2      | XOM: harmless Ice miscast
   797 | D:2      | Reached skill level 1 in Stealth
   798 | D:2      | Killed Robin
   798 | D:2      | Reached XP level 4. HP: 38/41 MP: 3/3
   947 | D:2      | XOM: divination: detect items
  1077 | D:2      | XOM: harmless Ice miscast
  1096 | D:2      | XOM: mild Erth miscast
  1118 | D:2      | Noticed a phantom
  1513 | D:3      | XOM: silly message
  1522 | D:3      | Reached XP level 5. HP: 37/47 MP: 4/4
  1527 | D:3      | Reached skill level 5 in Axes
  1574 | D:3      | XOM: harmless Necr miscast
  1890 | D:3      | Found a glowing silver altar of Zin.
  2055 | D:3      | XOM: harmless Pois miscast
  2111 | D:5      | Entered Level 5 of the Dungeon
  2574 | D:4      | Got a crude tin ring
  2693 | D:4      | Reached XP level 6. HP: 49/53 MP: 5/5
  2796 | D:6      | XOM: harmless Ice miscast
  2810 | D:7      | Noticed an ice beast
  3140 | D:5      | Identified the ring of Finality {rElec rF+ Stlth-} (You
                  | found it on level 4 of the Dungeon)
  3268 | D:5      | Reached skill level 6 in Axes
  3322 | D:5      | XOM: summons friendly white imp
  3340 | D:5      | Reached XP level 7. HP: 50/60 MP: 6/6
  3436 | D:6      | Reached skill level 5 in Fighting
  3640 | D:6      | XOM: cast spell 'Alistair's Intoxication'
  3664 | D:7      | Got a pair of transparent gloves
  3665 | D:7      | Identified the +0 pair of gloves "Zuuvvir" {rElec rPois
                  | rN+} (You found it on level 7 of the Dungeon)
  3858 | D:7      | XOM: polymorph ice beast -> scorpion
  3869 | D:6      | Reached skill level 7 in Axes
  4297 | D:7      | Reached XP level 8. HP: 67/69 MP: 7/7
  4305 | D:7      | Noticed a hippogriff
  4312 | D:7      | Reached skill level 5 in Dodging
  4318 | D:7      | Noticed a wind drake
  4318 | D:7      | a hippogriff changed into a wind drake
  4318 | D:7      | XOM: polymorph hippogriff -> wind drake
  4327 | D:7      | Killed from afar by a wind drake

Skill      XL: |  1  2  3  4  5  6  7  8 |
---------------+-------------------------+-----
Axes           | 4 5 6 7 |  7.6
Fighting       | 4 5 |  5.7
Stealth        | 1 2 3 |  3.7
Dodging        | 2 3 4 5 |  5.0
Armour         | 3 4 |  4.4

Action                   |  1- 3 |  4- 6 |  7- 9 || total
-------------------------+-------+-------+-------++-------
Melee: Hand axe          |    54 |   164 |    88 ||   306
       Headbutt          |     7 |    28 |    23 ||    58
       Short sword       |       |     6 |       ||     6
  Use: Scroll            |     2 |    10 |     2 ||    14
 Stab: Petrified         |       |     3 |       ||     3
       Petrifying        |       |     1 |       ||     1
       Paralysed         |       |     3 |     3 ||     6
       Confused          |       |       |     2 ||     2
  Eat: Chunk             |       |     5 |     2 ||     7
       Ration            |       |     1 |       ||     1
Armor: Leather armour    |    26 |    56 |    27 ||   109
Dodge: Dodged            |    39 |   108 |    85 ||   232
       Deflected         |       |     4 |     1 ||     5
